 Dungeon Crawl Stone Soup version 0.22-a0-86-g94e0ad4 (webtiles) character file.

65 nono the Skirmisher (level 4, -1/52 HPs)
             Began as an Ogre Fighter on Jan 20, 2018.
             Succumbed to Robin's poison
             ... on level 2 of the Dungeon.
             The game lasted 00:05:09 (941 turns).

nono the Skirmisher (Ogre Fighter)                   Turns: 941, Time: 00:05:09

Health: -1/52      AC:  3    Str: 26    XL:     4   Next: 13%
Magic:  4/4        EV:  8    Int: 14    God:
Gold:   32         SH:  8    Dex:  8    Spells: 3/3 levels left

rFire    . . .     SeeInvis .   m - +1 dagger (venom)
rCold    . . .     Gourm    .   c - +0 shield
rNeg     . . .     Faith    .   b - +0 robe
rPois    .         Spirit   .   (helmet restricted)
rElec    .         Reflect  .   (no cloak)
rCorr    .         Harm     .   (gloves unavailable)
MR       .....                  (boots unavailable)
Stlth    +.........             (no amulet)
HPRegen  0.17/turn              (no ring)
MPRegen  0.09/turn              (no ring)

@: mighty, brilliant, lethally poisoned (-1 -> -22)
A: large, unfitting armour, tough skin 1
a: no special abilities


You were on level 2 of the Dungeon.
You were not hungry.

You visited 1 branch of the dungeon, and saw 2 of its levels.

You collected 32 gold pieces.

Inventory:

Hand Weapons
 a - a +0 flail
 m - a +1 dagger of venom (weapon)
Missiles
 h - 4 javelins (quivered)
Armour
 b - a +0 robe (worn)
 c - a +0 shield (worn)
Scrolls
 e - a scroll of magic mapping {unknown}
 j - a scroll of identify {unknown}
 k - a scroll of fear {unknown}
Potions
 i - a potion of magic {unknown}
 l - a potion of brilliance
 n - a potion of mutation {unknown}
 o - a potion of heal wounds {unknown}
 p - a potion of lignification {unknown}
Comestibles
 f - 4 rations


   Skills:
 + Level 5.8 Fighting
 - Level 2.5 Maces & Flails
 - Level 2.6 Dodging
 - Level 2.6 Shields


You had 3 spell levels left.
You didn't know any spells.

Dungeon Overview and Level Annotations

Branches:
Dungeon (2/15)

Altars:
Yredelemnul

Annotations:
D:2 Robin


Innate Abilities, Weirdness & Mutations

You are too large for most types of armour.
You have tough skin. (AC +1)


Message History

* * * LOW HITPOINT WARNING * * *
The goblin closely misses you.
You hit the goblin.
You kill the goblin!
You have reached level 4!
You feel sick. Robin barely misses you.
You hit the adder.
The adder is poisoned.
The adder is moderately wounded.
The adder bites you.
* * * LOW HITPOINT WARNING * * *
Robin hits you from afar with a trident of venom!
* * * LOW HITPOINT WARNING * * *
You are more poisoned.
The adder barely misses you.
You impale the adder!!
You kill the adder!
* * * LOW HITPOINT WARNING * * *
You feel sick. Robin hits you but does no damage.
You are more poisoned.
You die...

##.###.## ######.###
##...## .# ..........#
##.## .# ###.#####.# #.#
S# #.# #.# g# #.. #.# g#
##. #.# !#####. ##
#.#########g...... #
#.......@.)....##.# #####
##############.##........
#..# #### # #..#
#.##..#### ........#
#..##.### #........
#..######


You could see Robin.

Vanquished Creatures
  An adder (D:2)
  3 dart slugs
  An orc (D:2)
  5 bats
  2 giant cockroaches
  2 gnoll zombies (D:2)
  12 goblins
  8 hobgoblins
  2 ball pythons (D:1)
  2 frilled lizards
  3 kobolds
  2 rats (D:2)
43 creatures vanquished.

Notes
Turn   | Place    | Note
-------+----------+-------------------------------------------
     0 | D:1      | nono the Ogre Fighter began the quest for the Orb.
     0 | D:1      | Reached XP level 1. HP: 24/24 MP: 1/1
    60 | D:1      | Reached XP level 2. HP: 32/33 MP: 2/2
   267 | D:1      | Reached XP level 3. HP: 23/41 MP: 3/3
   585 | D:2      | Reached skill level 5 in Fighting
   592 | D:2      | Found a basalt altar of Yredelemnul.
   915 | D:2      | Noticed Robin
   930 | D:2      | HP: 2/42 [goblin[Robin] (4)]
   938 | D:2      | Reached XP level 4. HP: 12/52 MP: 4/4
   940 | D:2      | HP: 1/52 [poisoned by Robin]
   941 | D:2      | Succumbed to Robin's poison

Vault maps used:
D:1:      evilmike_arrival_crescent
D:2:      lemuel_zombie_altar_yredelemnul, first_ration, corexii_shack,
          uniq_robin, uniq_crazy_yiuf_cottage

Skill      XL: |  1  2  3 |
---------------+----------+-----
Maces & Flails | 2 |  2.5
Fighting       | 5 |  5.8
Dodging        | |  2.6
Shields        | |  2.6

Action                   |  1- 3 |  4- 6 || total
-------------------------+-------+-------++-------
Melee: Flail             |    74 |       ||    74
       Dagger            |    59 |     2 ||    61
Throw: Javelin           |     3 |       ||     3
  Use: Potion            |     4 |       ||     4
Armor: Robe              |    30 |     1 ||    31
Dodge: Dodged            |    46 |     2 ||    48
Block: Shield            |    58 |       ||    58

Table legend:
 A = Spawn XP
 B = Non-spawn XP
 C = Spawn XP percentage of total XP
 D = Spawn monster count
 E = Non-spawn monster count
 F = Spawn count percentage of total count
 G = Total turns spent on level
                    A         B        C        D         E        F      G
               +---------+---------+-------+---------+---------+-------+---------
         Total |       0 |      93 |   0.0 |       0 |      43 |   0.0 |   941
               +---------+---------+-------+---------+---------+-------+---------
           D:1 |       0 |      35 |   0.0 |       0 |      17 |   0.0 |   424
           D:2 |       0 |      58 |   0.0 |       0 |      26 |   0.0 |   517
               +---------+---------+-------+---------+---------+-------+---------
